Map: Automaton LE

Players

Zanster

  • Race: Zerg Zerg
  • Spawn Location: 3:00

Elazer - Winner!

  • Race: Zerg Zerg
  • Spawn Location: 9:00

Event: 2019 WCS Spring

VOD

Have the link to the VOD?

Description

Time

  • Played on: May 17, 2019, 2:32 p.m.
  • Length: 17:38

All games in this series

Show
View Real Time Build Order
Export as new Build Order

Zanster Zerg 

Build Orders: Hatch First, Lurkers 

Get SALT Encoding   

  12  0:00  Drone  
  13  0:12  Overlord  
  13  0:17  Drone  
  14  0:31  Drone x2  
  16  0:51  Hatchery  
  16  0:53  Drone  
  16  0:56  Drone  
  17  1:00  Drone  
  18  1:11  Extractor  
  18  1:16  Spawning Pool  
  16  1:19  Drone  
  16  1:23  Drone  
  18  1:29  Drone  
  19  1:39  Drone  
  20  1:50  Drone  
  21  2:01  Overlord  
  21  2:03  Queen x2  
  21  2:04  Zergling x2  
  26  2:12  Metabolic Boost  
  26  2:18  Drone x2  
  29  2:22  Drone  
  29  2:24  Drone  
  30  2:38  Drone x2  
  32  2:45  Hatchery  
  32  2:47  Drone  
  32  2:52  Evolution Chamber  
  32  2:54  Drone  
  32  2:58  Overlord  
  32  3:00  Drone  
  33  3:05  Drone  
  33  3:11  Zergling x4  
  36  3:18  Zergling x2  
  36  3:19  Drone  
  38  3:20  Drone x4  
  42  3:28  Zerg Ground Armor Level 1  
  42  3:30  Overlord  
  42  3:41  Drone  
  43  3:46  Overlord  
  43  3:48  Queen, Drone  
  46  3:49  Baneling Nest  
  46  3:51  Drone  
  46  3:52  Drone  
  46  3:53  Drone  
  46  3:55  Drone  
  49  3:56  Drone  
  49  3:58  Drone  
  51  4:03  Drone  
  51  4:05  Drone x2  
  51  4:07  Overlord  
  53  4:16  Zergling x4  
  53  4:17  Zergling x6  
  58  4:19  Zergling x4  
  58  4:20  Zergling x2  
  61  4:24  Drone  
  61  4:26  Lair  
  61  4:29  Extractor  
  61  4:30  Drone  
  61  4:31  Extractor, Drone  
  62  4:32  Drone  
  62  4:39  Baneling x2  
  62  4:41  Zergling x6  
  65  4:49  Overlord  
  65  4:58  Zergling x16  
  65  4:59  Overlord  
  72  5:03  Zergling x2  
  72  5:04  Zergling x2  
  72  5:05  Overlord  
  73  5:07  Zergling x2  
  73  5:13  Extractor  
  73  5:20  Baneling x2  
  73  5:23  Drone x9  
  73  5:25  Drone  
  73  5:28  Spire  
  82  5:32  Drone  
  83  5:35  Baneling  
  83  5:36  Baneling  
  83  5:37  Baneling x2  
  83  5:39  Overlord  
  83  5:44  Zergling x10  
  83  5:48  Extractor x2  
  84  5:52  Overlord  
  84  5:55  Zergling x2  
  84  5:56  Zergling x6  
  78  6:07  Zergling x12  
  77  6:15  Zergling x2  
  75  6:31  Zergling x10  
  80  6:32  Baneling  
  80  6:33  Baneling x3  
  80  6:37  Hatchery  
  79  6:40  Overlord  
  79  6:41  Baneling  
  79  6:42  Baneling  
  79  6:47  Mutalisk x7  
  79  6:51  Mutalisk  
  94  7:04  Drone x7  
  96  7:09  Mutalisk x2  
  100  7:16  Zerg Flyer Weapons Level 1  
  100  7:17  Overlord  
  100  7:21  Mutalisk  
  102  7:25  Overlord  
  98  7:35  Mutalisk  
  99  7:38  Drone  
  99  7:41  Drone x6  
  106  7:46  Mutalisk x3  
  111  8:01  Drone x5  
  111  8:02  Drone x2  
  118  8:08  Drone x3  
  121  8:18  Overlord  
  121  8:21  Hatchery  
  121  8:24  Mutalisk x4  
  121  8:25  Mutalisk  
  129  8:32  Mutalisk  
  129  8:33  Hydralisk Den  
  129  8:40  Mutalisk x2  
  133  8:48  Overlord  
  133  8:51  Drone  
  133  8:52  Drone x3  
  137  8:56  Hatchery  
  137  8:58  Mutalisk  
  137  8:59  Mutalisk  
  138  9:05  Lurker Den  
  138  9:07  Drone x2  
  138  9:08  Drone x6  
  145  9:16  Overlord  
  145  9:17  Overlord  
  145  9:18  Overlord, Overseer  
  145  9:19  Pneumatized Carapace  
  145  9:25  Extractor  
  145  9:27  Hydralisk, Extractor  
  141  9:40  Hydralisk x9  
  160  9:45  Drone x2  
  160  9:46  Drone x3  
  156  10:05  Zerg Melee Weapons Level 1  
  156  10:09  Zergling x2  
  156  10:10  Zergling x30  
  165  10:17  Zergling x8  
  165  10:18  Zergling x4  
  171  10:30  Zergling x8  
  171  10:35  Overlord  
  175  10:41  Infestation Pit  
  173  10:42  Zergling x2  
  173  10:43  Zergling x18  
  173  10:46  Overlord  
  173  10:48  Extractor  
  180  10:51  Overlord x2, Extractor  
  179  10:59  Lurker x2  
  179  11:00  Lurker x7  
  179  11:04  Evolution Chamber  
  187  11:06  Drone x3  
  190  11:13  Overseer  
  190  11:15  Zergling x2  
  190  11:16  Zergling x18  
  200  11:22  Spine Crawler x2  
  197  11:29  Hive  
  197  11:31  Zerg Missile Weapons Level 1  
  193  11:53  Overlord  
  176  11:56  Zergling x28  
  176  11:58  Drone x4  
  180  12:06  Muscular Augments  
  180  12:16  Zergling x22  
  191  12:23  Centrifical Hooks  
  188  12:39  Zerg Flyer Weapons Level 2  
  188  12:55  Mutalisk x6  
  188  12:56  Mutalisk  
  194  13:10  Mutalisk  
  194  13:11  Mutalisk x10  
  198  13:17  Adaptive Talons  
  185  13:36  Zergling x38  
  171  13:49  Hydralisk x5  
  171  13:50  Hydralisk x5  
  175  13:56  Drone x4  
  175  13:57  Drone  
  180  14:05  Viper x5  
  180  14:06  Hatchery  
  193  14:11  Hydralisk x3  
  189  14:23  Hydralisk x10  
  197  14:51  Lurker x3  
  197  14:52  Baneling  
  200  14:53  Baneling x21  
  200  15:00  Overseer  
  200  15:01  Overseer  
  200  15:02  Overseer x2  
  200  15:03  Overlord  
  189  15:39  Lurker x4  
  189  15:41  Hydralisk  
  189  15:42  Hydralisk x2  
  199  15:51  Hatchery  
  176  16:11  Hydralisk  
  176  16:12  Hydralisk x11  
  176  16:24  Hydralisk  
  176  16:25  Hydralisk x12  
  150  16:27  Hydralisk  
  150  16:28  Zergling x2  
  150  16:29  Zergling x10  
  178  16:35  Zergling x18  
  178  16:39  Lurker x2  
  186  16:49  Zergling x2  
  186  16:50  Zergling x12  
  152  17:07  Hydralisk x10  
  136  17:08  Zergling x6  
  124  17:19  Extractor  
Show
View Real Time Build Order
Export as new Build Order

Elazer Zerg - Winner!

Build Orders: Hatch First, Lurkers 

Get SALT Encoding   

  12  0:00  Drone  
  13  0:13  Overlord  
  13  0:18  Drone  
  14  0:32  Drone x2  
  16  0:49  Hatchery  
  15  0:53  Drone  
  15  0:56  Drone  
  17  0:59  Drone  
  18  1:10  Extractor  
  17  1:15  Spawning Pool  
  17  1:18  Drone  
  17  1:22  Drone  
  18  1:29  Drone  
  19  1:41  Drone  
  20  1:51  Drone  
  21  2:01  Drone  
  21  2:02  Queen x2, Drone  
  27  2:12  Metabolic Boost  
  27  2:13  Drone  
  28  2:16  Overlord  
  28  2:33  Hatchery  
  28  2:34  Drone  
  28  2:35  Drone  
  29  2:39  Zergling x2  
  29  2:42  Drone  
  31  2:47  Overlord, Drone  
  32  2:55  Baneling Nest  
  32  2:57  Zergling x2  
  32  2:58  Drone  
  33  3:07  Drone x2  
  33  3:10  Drone  
  33  3:11  Drone x3  
  39  3:16  Zergling x2  
  39  3:18  Overlord  
  40  3:20  Drone  
  40  3:22  Drone  
  42  3:28  Evolution Chamber  
  42  3:30  Drone x2  
  43  3:39  Overlord  
  43  3:44  Zergling x4  
  43  3:45  Queen  
  43  3:47  Drone x3  
  50  3:50  Drone  
  50  3:52  Drone  
  50  3:54  Drone x2  
  54  3:58  Zerg Melee Weapons Level 1  
  54  4:00  Overlord  
  54  4:02  Drone  
  55  4:07  Overlord  
  55  4:12  Drone x2  
  57  4:18  Lair  
  57  4:20  Drone x5  
  57  4:22  Drone  
  63  4:27  Overlord  
  63  4:30  Zergling x4  
  65  4:35  Baneling x2  
  65  4:36  Zergling x2  
  66  4:40  Extractor x2, Zergling x2  
  66  4:41  Zergling x2  
  66  4:45  Overlord  
  66  4:46  Zergling x6  
  66  4:51  Zergling x8  
  73  4:54  Overlord  
  73  4:58  Overlord  
  72  5:00  Drone x3  
  72  5:02  Extractor  
  72  5:06  Overlord  
  73  5:07  Drone  
  73  5:10  Drone x2  
  76  5:16  Drone  
  76  5:18  Drone  
  77  5:22  Overlord  
  77  5:25  Hydralisk Den  
  76  5:29  Baneling x3  
  76  5:30  Zergling x2  
  76  5:31  Zergling x18  
  86  5:36  Overlord  
  86  5:38  Hatchery, Baneling x2  
  84  5:44  Zergling x4  
  84  5:48  Zergling x2  
  83  5:55  Zergling x4  
  81  5:58  Baneling x3  
  81  5:59  Zergling x10  
  81  6:00  Zergling x4  
  81  6:03  Zergling x8  
  80  6:11  Zergling x4  
  80  6:14  Zerg Melee Weapons Level 2  
  80  6:16  Overlord, Lurker Den  
  80  6:18  Baneling x4  
  80  6:20  Zergling x4  
  80  6:24  Overlord  
  82  6:29  Drone  
  83  6:33  Drone  
  83  6:35  Drone x3  
  83  6:36  Drone x6  
  83  6:39  Baneling x2  
  93  6:40  Overlord  
  93  6:43  Grooved Spines  
  93  6:44  Hatchery  
  93  6:47  Hydralisk x3  
  92  6:53  Hydralisk x2  
  100  6:59  Hydralisk  
  101  7:03  Hydralisk  
  101  7:07  Extractor  
  101  7:09  Drone x3  
  101  7:11  Hydralisk x3  
  101  7:13  Queen  
  112  7:20  Overlord  
  112  7:21  Hydralisk x2  
  116  7:23  Zergling x4  
  116  7:26  Overlord  
  116  7:33  Hydralisk  
  116  7:36  Spore Crawler x3  
  108  7:39  Hydralisk x2  
  108  7:40  Hydralisk  
  114  7:45  Zergling x14  
  120  7:51  Overlord  
  120  7:53  Hydralisk x2  
  120  7:57  Lurker  
  124  8:01  Lurker  
  125  8:07  Overlord  
  125  8:10  Spore Crawler, Zergling x18  
  125  8:12  Spore Crawler, Drone x2  
  135  8:14  Drone  
  135  8:21  Overlord  
  135  8:22  Drone x3  
  137  8:27  Spore Crawler  
  137  8:30  Drone x2  
  137  8:32  Spore Crawler, Drone, Zerg Missile Weapons Level 1  
  133  8:34  Drone  
  133  8:35  Extractor  
  133  8:37  Lurker x2  
  133  8:38  Lurker  
  133  8:39  Drone x2  
  138  8:42  Drone x2  
  138  8:43  Spore Crawler  
  139  8:48  Overlord  
  139  8:49  Hydralisk x2  
  139  8:54  Overlord, Extractor x2  
  141  8:55  Overlord  
  141  9:01  Hydralisk x2  
  145  9:08  Lurker x2  
  145  9:09  Overlord  
  149  9:10  Drone x5  
  149  9:15  Drone x5  
  157  9:17  Overlord  
  157  9:22  Overlord  
  157  9:25  Infestation Pit, Muscular Augments  
  157  9:29  Overlord  
  155  9:31  Hydralisk  
  155  9:32  Hydralisk  
  157  9:38  Drone x4  
  157  9:43  Drone x2  
  155  9:46  Spore Crawler  
  155  9:47  Spore Crawler, Drone  
  155  9:49  Drone  
  149  9:57  Hydralisk x4  
  152  10:03  Hydralisk x2  
  153  10:08  Hydralisk  
  152  10:16  Hydralisk x2  
  152  10:17  Spore Crawler  
  152  10:19  Hydralisk  
  157  10:25  Overlord  
  157  10:28  Spore Crawler  
  155  10:30  Drone x4  
  155  10:31  Zerg Missile Weapons Level 2  
  159  10:37  Hive  
  157  10:45  Spore Crawler, Drone  
  157  10:46  Drone x2  
  159  10:52  Drone x7  
  166  10:57  Spore Crawler  
  166  11:00  Spore Crawler  
  166  11:01  Hydralisk x2  
  168  11:05  Overlord  
  168  11:10  Overlord  
  168  11:12  Spore Crawler  
  168  11:13  Spore Crawler  
  168  11:17  Overlord  
  164  11:23  Overlord  
  164  11:24  Lurker x2  
  164  11:25  Lurker x3  
  167  11:30  Hydralisk x4  
  161  11:50  Overlord  
  155  11:55  Overlord  
  155  11:56  Adaptive Talons  
  155  11:57  Viper  
  155  11:58  Viper x3  
  148  12:13  Hydralisk x7  
  156  12:21  Hydralisk x2  
  160  12:35  Overseer  
  156  12:38  Hydralisk x5  
  166  12:46  Hydralisk x2  
  170  12:51  Hydralisk x4  
  170  12:55  Zerg Ground Armor Level 1  
  175  13:18  Lurker x3  
  165  13:34  Overlord  
  165  13:35  Drone x11  
  170  13:47  Hydralisk x5  
  168  13:53  Spore Crawler x2  
  165  13:56  Spore Crawler  
  164  14:03  Hydralisk  
  164  14:04  Hydralisk x3  
  164  14:07  Lurker x2  
  174  14:15  Hydralisk x3  
  172  14:20  Hatchery  
  169  14:31  Hydralisk x4, Overlord  
  169  14:33  Queen  
  179  14:39  Drone x2  
  179  14:40  Drone  
  182  14:46  Drone  
  182  14:49  Drone  
  184  14:53  Drone  
  184  14:57  Overlord  
  184  14:58  Lurker x2  
  184  14:59  Hydralisk  
  189  15:00  Lurker  
  189  15:06  Overlord  
  190  15:08  Extractor  
  190  15:11  Overlord, Extractor  
  185  15:16  Hydralisk x2  
  189  15:26  Overlord  
  188  15:29  Drone x3  
  188  15:31  Hatchery  
  188  15:32  Lurker x3  
  188  15:34  Overseer  
  193  15:38  Overseer  
  193  15:49  Overlord  
  193  15:51  Hydralisk x3  
  194  15:59  Drone x3  
  193  16:07  Hydralisk x3, Hatchery  
  179  16:23  Hydralisk  
  179  16:24  Hydralisk x3  
  173  16:34  Lurker x2  
  173  16:37  Hydralisk x3  
  170  17:04  Hydralisk  
  170  17:05  Hydralisk x4  
  152  17:09  Hydralisk  
Tags
 
Add a new tag
Caveats
  • Supply blocks, unpowered buildings, or Contaminate may cause inaccurate times.
  • Supply counts are checked every 10 seconds.